 Dungeon Crawl Stone Soup version 0.17-a0-186-g8d083fd (webtiles) character file.

193 Tabbe the Ducker (level 5, -9/34 HPs)
             Began as a High Elf Gladiator on Mar 27, 2015.
             Killed from afar by an orc wizard (12 damage)
             ... with a puff of flame
             ... on level 4 of the Dungeon.
             The game lasted 00:03:36 (2717 turns).

Tabbe the Ducker (High Elf Gladiator)               Turns: 2717, Time: 00:03:36

Health: -9/34      AC:  4    Str: 19    XL:     5   Next: 43%
Magic:  8/8        EV: 21    Int: 11    God:
Gold:   63         SH:  0    Dex: 22    Spells: 0 memorised, 4 levels left

rFire  . . .     SeeInvis .     a - +0 quarterstaff
rCold  . . .     Clarity  .     b - +0 leather armour
rNeg   + . .     SustAb   .     (no shield)
rPois  .         Gourm    .     c - +0 helmet
rElec  .         Spirit   .     (no cloak)
rCorr  .         Warding  .     (no gloves)
rMut   .         Stasis   .     (no boots)
MR     +....                    (no amulet)
Stlth  +++.......               t - ring of positive energy
                                j - ring of protection from magic

@: mighty, agile, somewhat resistant to hostile enchantments, fairly stealthy
A: no striking features
a: no special abilities


You were on level 4 of the Dungeon.
You were not hungry.

You visited 1 branch of the dungeon, and saw 4 of its levels.

You collected 63 gold pieces.

Inventory:

Hand weapons
 a - a +0 quarterstaff (weapon)
Missiles
 d - 3 throwing nets (quivered)
 p - 14 arrows
Armour
 b - a +0 leather armour (worn)
 c - a +0 helmet (worn)
Jewellery
 j - a ring of protection from magic (left hand)
 s - an uncursed amulet of clarity {unknown}
 t - a ring of positive energy (right hand)
Scrolls
 h - 4 scrolls of remove curse {unknown}
 k - a scroll of enchant weapon {unknown}
 o - 2 scrolls of identify {unknown}
 v - a scroll of recharging {unknown}
 w - a scroll of blinking {unknown}
 y - a scroll of amnesia {unknown}
Potions
 i - a potion of curing
 m - a potion of cancellation {unknown}
 q - a potion of mutation {unknown}
 r - a potion of resistance {unknown}
 u - a potion of brilliance {unknown}
Comestibles
 f - 3 bread rations
 g - a beef jerky
 n - 4 fruits
 z - a slice of pizza


   Skills:
 - Level 2.0 Fighting
 + Level 4.3 Staves
 - Level 3.6 Throwing
 + Level 5.0 Dodging


You had 4 spell levels left.
You didn't know any spells.

Dungeon Overview and Level Annotations

Branches:
Dungeon (4/15)
 Temple: D:4-7

Altars:

Annotations:
D:3 squibie's ghost, weakling DEWz


Message History

The puff of flame misses you.
Unknown command.
You hit the orc wizard!
The orc wizard is almost dead.
The orc wizard barely misses you.
You closely miss the orc wizard.
The orc wizard is almost dead.
You hear some strange, mumbled words.
You feel a wave of unholy energy pass over you.
The orc wizard glows brightly for a moment.
You hit the orc wizard!
You kill the orc wizard!
Your Dodging skill increases to level 5!
A magic dart appears from out of thin air!
The magic dart hits you!
* * * LOW HITPOINT WARNING * * *
You hear some strange, mumbled words.
A puff of flame appears from out of thin air!
The puff of flame hits you!
You die...

... .... .... . .... #.#
### >.... #.. ..# #.# #.#
#o# #.# #.# #{# #.## #.#
#)# ...# #.# #@#
#..#####.#### #.#
†...........####.#.##.##
.........##.............#
#..####.###..###........
##.# #.# #..# ##..####.
#.####.###..## ..#
##...>.......... ..#
.....##.##.###. #.#


You could see an orc.

Vanquished Creatures
  An orc wizard (D:4)
  Jessica (D:2)
  7 adders
  3 worms
  2 giant geckos
  An ooze (D:4)
  3 orcs
  2 ball pythons
  5 giant cockroaches
  8 goblins
  9 hobgoblins
  9 jackals
  4 bats
  3 giant newts
  2 kobolds
  8 rats
68 creatures vanquished.

Notes
Turn   | Place    | Note
--------------------------------------------------------------
     0 | D:1      | Tabbe, the High Elf Gladiator, began the quest for the Orb.
     0 | D:1      | Reached XP level 1. HP: 14/14 MP: 2/2
   150 | D:1      | Reached XP level 2. HP: 17/19 MP: 3/3
   675 | D:2      | Reached XP level 3. HP: 8/24 MP: 5/5
  1099 | D:2      | Noticed Jessica
  1105 | D:2      | Killed Jessica
  1105 | D:2      | Reached skill level 4 in Dodging
  1139 | D:2      | Reached XP level 4. HP: 19/29 MP: 7/7
  2353 | D:3      | Noticed squibie's ghost (weakling DEWz)
  2356 | D:3      | Reached XP level 5. HP: 10/34 MP: 8/8
  2717 | D:4      | Reached skill level 5 in Dodging
  2717 | D:4      | Killed from afar by an orc wizard

Action                   |  1- 3 |  4- 6 || total
-------------------------+-------+-------++-------
Melee: Quarterstaff      |    87 |   127 ||   214
  Use: Potion            |       |     4 ||     4
 Stab: Sleeping          |     1 |       ||     1
  Eat: Chunk             |     1 |     3 ||     4
       Meat ration       |       |     1 ||     1
